 Dungeon Crawl Stone Soup version 0.20.1-1-g8b1a95d (webtiles) character file.

1830 vineage the Cutter (level 8, -5/62 (63) HPs)
             Began as a Demonspawn Berserker on Aug 20, 2017.
             Was a Priest of Trog.
             Slain by a cyclops (21 damage)
             ... on level 6 of the Dungeon.
             The game lasted 00:09:18 (4526 turns).

vineage the Cutter (Demonspawn Berserker)           Turns: 4526, Time: 00:09:19

HP:   -5/62 (63)    AC: 18    Str: 20    XL:     8   Next: 86%
MP:   2/8           EV: 11    Int:  9    God:    Trog [***...]
Gold: 186           SH:  4    Dex: 12    Spells: 7/7 levels left

rFire    . . .     SeeInvis .   s - +5 long sword (protect)
rCold    . . .     Gourm    .   (no shield)
rNeg     + . .     Faith    .   p - +0 pearl dragon scales
rPois    .         Spirit   .   (helmet restricted)
rElec    .         Reflect  .   (no cloak)
rCorr    .         Harm     .   (no gloves)
MR       .....                  (no boots)
Stlth    +.........             (no amulet)
Regen    0.2/turn               (no ring)
MPRegen  0.2/turn               (no ring)

@: protection aura, berserk cooldown
A: antennae 1, large bone plates 1, nightstalker 1, powered by death 1
a: Berserk, Trog's Hand, Burn Spellbooks, Renounce Religion


You were on level 6 of the Dungeon.
You worshipped Trog.
Trog was most pleased with you.
You were very hungry.

You visited 1 branch of the dungeon, and saw 6 of its levels.

You collected 186 gold pieces.

Inventory:

Hand Weapons
 a - a +0 hand axe
 k - a +1 dagger of speed
 s - a +5 long sword of protection (weapon)
Armour
 b - a +0 animal skin
 p - +0 pearl dragon scales (worn)
Jewellery
 y - an uncursed amulet of harm {unknown}
Scrolls
 e - 2 scrolls of amnesia {unknown}
 g - a scroll of immolation {unknown}
 i - a scroll of fear {unknown}
 l - 2 scrolls of teleportation
 n - 4 scrolls of remove curse {unknown}
 o - a scroll of magic mapping {unknown}
 u - 2 scrolls of enchant armour {unknown}
 w - 2 scrolls of blinking {unknown}
 x - 2 scrolls of identify
Potions
 f - 10 potions of curing
 h - a potion of berserk rage {unknown}
 j - a potion of resistance
 m - 3 potions of might
 q - a potion of haste
 r - a potion of flight
 t - a potion of agility {unknown}
 v - 2 potions of heal wounds
Comestibles
 c - 2 bread rations
 d - a royal jelly


   Skills:
 + Level 5.4 Fighting
 + Level 6.3(6.7) Short Blades
 + Level 3.1(5.1) Long Blades
 + Level 3.9 Axes
 + Level 3.6 Armour
 + Level 4.0 Dodging
 + Level 2.4 Stealth


You had 7 spell levels left.
You didn't know any spells.

Dungeon Overview and Level Annotations

Branches:
Dungeon (6/15)
 Temple: D:4-7

Altars:
Cheibriados

Annotations:
D:6 2 transporters


Innate Abilities, Weirdness & Mutations

You have a pair of small antennae on your head.
You are partially covered in large bone plates. (SH +4)
You are slightly more attuned to the shadows.
You regenerate a little health from kills.


Message History

You slash the cyclops!
The cyclops is moderately wounded.
The cyclops hits you but does no damage.
You hit the cyclops.
The cyclops is heavily wounded.
You block the cyclops's attack.
You slash the cyclops!
The cyclops is severely wounded.
The cyclops hits you but does no damage.
You slash the cyclops!
The cyclops is almost dead.
You feel yourself speed up. The cyclops hits you!! The cyclops hits you.
* * * LOW HITPOINT WARNING * * *
You hit the cyclops but do no damage.
The cyclops is almost dead.
You hit the cyclops.
The cyclops is almost dead.
The cyclops hits you!!
You die...

#.#####.# #(# .......
#.......# #.# #.####.
#.######## #.# #....†.
#.# . #.# ######. #.#
.# #.# #. ##.#####.#
#.# #. .........#
#.#### #.
##.##...#########....#
##
#..#.#........(@C...#
##)#...###.######)..#
#.##...##.## ##.##
##### #.##.......#
#...# #....
#.##..<###.# #.#.#
######.### #.###.##
#.# #...# #......#8P
#.# #.# #.#
#.###.#.##...#.. #.#
#.####.# #.#
#.#.##...#©( #.#
#......# #.#
#.#.###..#..


You could see a cyclops.

Vanquished Creatures
  A two-headed ogre (D:5)
  Edmund (D:6)
  2 phantoms (D:6)
  An eye of draining (D:6)
  An ogre (D:6)
  A necrophage (D:5)
  A centaur (D:5)
  Blork the orc (D:4)
  A scorpion (D:6)
  A howler monkey (D:4)
  2 bullfrog zombies (D:6)
  A jelly (D:5)
  A hound (D:6)
  6 worker ants
  5 adders
  2 shadow imps
  An ooze (D:1)
  A worm (D:3)
  3 dart slugs
  3 leopard geckos
  3 orcs
  2 giant cockroaches
  6 goblins
  9 hobgoblins
  5 jackals
  8 kobolds
  2 quokkas (D:3)
  6 ball pythons
  4 bats
  5 frilled lizards
  11 rats
97 creatures vanquished.

Notes
Turn   | Place    | Note
-------+----------+-------------------------------------------
     0 | D:1      | vineage the Demonspawn Berserker began the quest for the Orb.
     0 | D:1      | Reached XP level 1. HP: 18/18 MP: 1/1
   133 | D:1      | Gained mutation: You regenerate a little health from kills. [demonic ancestry]
   133 | D:1      | Reached XP level 2. HP: 20/24 MP: 2/2
   383 | D:1      | Gained mutation: You are slightly more attuned to the shadows. [demonic ancestry]
   383 | D:1      | Reached XP level 3. HP: 26/29 MP: 3/3
  1058 | D:2      | Reached ** piety under Trog
  1901 | D:3      | Reached XP level 4. HP: 23/35 MP: 4/4
  2105 | D:3      | Found a snail-covered altar of Cheibriados.
  2811 | D:3      | Reached skill level 1 in Stealth
  3029 | D:4      | Noticed Blork the orc
  3062 | D:4      | Killed Blork the orc
  3062 | D:4      | Reached skill level 1 in Short Blades
  3062 | D:4      | Gained mutation: You have a pair of small antennae on your head. [demonic ancestry]
  3062 | D:4      | Reached XP level 5. HP: 13/42 MP: 5/5
  3400 | D:4      | Reached XP level 6. HP: 47/48 MP: 6/6
  3444 | D:4      | Reached skill level 2 in Short Blades
  3554 | D:5      | Entered Level 5 of the Dungeon
  3583 | D:5      | Reached *** piety under Trog
  3753 | D:5      | Reached skill level 3 in Short Blades
  3852 | D:5      | Noticed a two-headed ogre
  3864 | D:5      | Killed a two-headed ogre
  3864 | D:5      | Reached skill level 5 in Short Blades
  3864 | D:5      | Gained mutation: You are partially covered in large bone plates. (SH +4) [demonic ancestry]
  3864 | D:5      | Reached XP level 7. HP: 46/54 MP: 7/7
  3864 | D:5      | Reached XP level 8. HP: 51/60 MP: 8/8
  3936 | D:5      | Reached skill level 5 in Fighting
  4125 | D:6      | Noticed Edmund
  4133 | D:6      | Killed Edmund
  4133 | D:6      | Reached skill level 6 in Short Blades
  4133 | D:6      | Reached skill level 1 in Long Blades
  4283 | D:6      | Found a transporter.
  4294 | D:6      | Found a transporter.
  4485 | D:6      | Noticed a cyclops
  4526 | D:6      | Slain by a cyclops

Skill      XL: |  1  2  3  4  5  6  7  8 |
---------------+-------------------------+-----
Axes           | 3 |  3.9
Dodging        | 2 3 4 |  4.0
Stealth        | 1 2 |  2.4
Short Blades   | 1 5 6 |  6.3
Armour         | 2 3 |  3.6
Fighting       | 4 5 |  5.4
Long Blades    | 3 |  3.1

Action                   |  1- 3 |  4- 6 |  7- 9 || total
-------------------------+-------+-------+-------++-------
Melee: Hand axe          |   122 |       |       ||   122
       Dagger            |    12 |   266 |    46 ||   324
       Long sword        |       |       |    77 ||    77
Invok: Trog's Hand       |       |     1 |     2 ||     3
       Berserk           |       |     1 |     1 ||     2
  Use: Scroll            |     3 |     2 |     1 ||     6
       Potion            |       |     2 |       ||     2
 Stab: Sleeping          |     7 |     6 |     1 ||    14
  Eat: Chunk             |     2 |       |       ||     2
       Fruit             |     1 |     1 |       ||     2
       Meat ration       |       |     2 |       ||     2
Armor: Animal skin       |    19 |    10 |       ||    29
       Pearl dragon scal |       |    42 |    38 ||    80
Dodge: Dodged            |    83 |    93 |    46 ||   222
Block: Other             |       |       |    12 ||    12
       Rpst.: Long sword |       |       |    12 ||    12
